 Dungeon Crawl Stone Soup version 0.28-a0-249-g9004c80361 (webtiles) character file.

Game seed: 17947879250737905170

2171 GordonOverkill the Prestidigitator (level 9, -13/45 HPs)
             Began as a Felid Necromancer on Aug 26, 2021.
             Was a Believer of Ashenzari.
             Mangled by a blink frog (16 damage)
             ... on level 1 of the Lair of Beasts.
             The game lasted 00:33:26 (18002 turns).

GordonOverkill the Prestidigitator (FeNe)          Turns: 18002, Time: 00:33:26

Health: -13/45     AC:  2    Str:  4    XL:     9   Next: 11%
Magic:  24/24      EV: 18    Int: 20    God:    Ashenzari [**....]
Gold:   504        SH:  0    Dex: 17    Spells: 17/28 levels left
                                        Lives:  0   Deaths: 3

rFire   . . .      SeeInvis +     - Unarmed
rCold   . . .      Faith    .   (shield unavailable)
rNeg    . . .      Spirit   .   (armour unavailable)
rPois   .          Reflect  .   (helmet unavailable)
rElec   .          Harm     .   (cloak unavailable)
rCorr   .          Rampage  .   (gloves unavailable)
Will    +....                   (boots unavailable)
Stlth   ++........              e - amulet "Pangnostic Seeker" {RegenMP, Self, Alch} (curse)
HPRegen 0.15/turn               (no ring)
MPRegen 0.44/turn               (no ring)

@: quick
A: very small, claws 1, fangs 3, see invisible, speed 1, shaggy fur 2, stealthy
paws, no weapons or thrown items, no armour, multi-lived
a: Renounce Religion, Curse Item, Shatter the Chains


You were on level 1 of the Lair of Beasts.
You worshipped Ashenzari.
Ashenzari was pleased with you.
You visited 2 branches of the dungeon, and saw 10 of its levels.

You collected 530 gold pieces.
You spent 26 gold pieces at shops.

Inventory:

Jewellery
 e - the cursed amulet "Pangnostic Seeker" (around neck) {RegenMP, Self, Alch}
   (You found it on level 3 of the Dungeon)

   [amulet of magic regeneration]

   It increases your rate of magic regeneration.
   It has a curse which improves the following skills: Introspection: Fighting
   and Spellcasting.
   Alchemy:   Poison Magic and Transmutations.
 f - an amulet of reflection
 o - an amulet of the acrobat
Scrolls
 a - 2 scrolls of teleportation
 d - a scroll of amnesia
 g - a scroll of holy word
 k - a scroll of blinking
 n - a scroll of magic mapping
Potions
 c - a potion of resistance
 h - 2 potions of curing
 i - a potion of cancellation
 j - a potion of might
 m - a potion of magic


   Skills:
 + Level 6.9(8.4) Fighting
 - Level 3.0 Dodging
 - Level 3.0 Stealth
 + Level 1.2 Unarmed Combat
 - Level 8.5(10.0) Spellcasting
 - Level 8.0 Necromancy
 - Level 2.0 Translocations
 - Level 10.0 Evocations


You had 17 spell levels left.
You knew the following spells:

 Your Spells              Type           Power      Damage    Failure   Level
a - Pain                  Necr           100%       1d9       1%          1
b - Vampiric Draining     Necr           21%        2d9       1%          3
c - Blink                 Tloc           N/A        N/A       4%          2
d - Agony                 Necr           42%        N/A       7%          5

Your spell library contained the following spells:

 Spells                   Type           Power      Damage    Failure   Level
 Animate Skeleton         Necr           84%        N/A       1%          1
 Animate Dead             Necr           21%        N/A       2%          4
 Dazzling Flash           Conj/Hex       20%        N/A       21%         3
 Manifold Assault         Tloc           18%        N/A       63%         5
 Silence                  Hex/Air        5%         N/A       88%         5
 Storm Form               Tmut/Air       5%         N/A       100%        7


Dungeon Overview and Level Annotations

Branches:
Dungeon (9/15)             Temple (0/1) D:5            Lair (1/6) D:8
    Orc: D:9-12

Altars:
Ashenzari
Elyvilon
Kikubaaqudgha
Okawaru
The Shining One

Shops:
D:2 ?   D:8 (

Annotations:
D:2 1 runed translucent door, Crazy Yiuf
Lair:1 Harold


Innate Abilities, Weirdness & Mutations

You have sharp claws.
You have razor-sharp teeth.
You have supernaturally acute eyesight. (SInv)
You cover ground quickly. (Speed+)
You are covered in thick fur. (AC +2)
Your paws help you pounce on unaware monsters.
You are incapable of wielding weapons or throwing items.
You cannot wear armour.
You gain extra lives every three experience levels.


Message History

The mass of ice explodes!
The iceblast engulfs the blink frog!
The blink frog is almost dead.
You hear an angry hiss.
Aiming: Iceblast
Press: ? - help, Shift-Dir - straight line, p - blink frog The mass of ice explodes!
The iceblast engulfs the plant!!
The plant begins to die.
The plant is lightly damaged.
The iceblast engulfs the blink frog!!
You kill the blink frog!
The now-empty wand crumbles to dust.
You hear a loud, deep croak!
You hear a howl!
The blink frog blinks!
Your Unarmed Combat skill increases to level 1!
You see here a blink frog corpse.
You start resting.
A nearby plant withers and dies.
You start resting.
A blink frog is nearby!
You start resting.
A blink frog is nearby!
The blink frog blinks!
You see here a +0 quarterstaff.
You see here a blink frog corpse.
You start resting.
A blink frog is nearby!
You see here a +0 quarterstaff.
You see here a blink frog corpse.
The blink frog blinks!
You see here a blink frog corpse.
The blink frog blinks!
Harold fires a harpoon shot at you. The harpoon shot hits you!
* * * LOW HITPOINT WARNING * * *
You are yanked forward by the harpoon shot.
Harold fires a harpoon shot at you. The harpoon shot misses you.
The blink frog blinks!
There is a staircase back to the Dungeon here.
The blink frog barely misses you. The blink frog hits you!
You die...

≈ ## ##### ### *
#.######.#P###.#### ..
..................#
##P.####............†...#
#........#...##.##)####.#
.........#............#.#
#........#...#........#.##
+........#..@#...........#
≈...#........#..F#{.......P.##
P...#..............@........#
....#........#...#..........#
....####.####.....#+#.####..#
............................#
............(...............#
.....F......................#
....†.......................#


You could see a blink frog.

Vanquished Creatures
  Pikel (D:7)
  Maggie (D:6)
  A komodo dragon (Lair:1)
  Grinder (D:5)
  A hornet (D:5)
  2 blink frogs (Lair:1)
  Sigmund (D:4)
  A yak (D:8)
  A wyvern (D:7)
  A steam dragon (D:8)
  Menkaure (D:5)
  2 water moccasins
  Duvessa (D:7)
  2 ice beasts
  2 orc warriors
  2 necrophages
  5 wolves
  A black bear (D:8)
  2 centaurs
  An ogre (D:4)
  5 kobold brigands (D:6)
  3 bullfrogs
  Dowan (D:7)
  A gnoll sergeant (D:8)
  2 scorpions (D:5)
  A troll zombie (D:9)
  4 wights (D:8)
  5 electric eels
  3 howler monkeys (D:7)
  A centaur zombie (D:5)
  6 orc priests
  8 hounds
  6 orc wizards
  4 iguanas
  A killer bee zombie (D:6)
  A hound zombie (D:5)
  A hound skeleton (D:4)
  Robin (D:4)
  14 gnolls
  A howler monkey skeleton (D:7)
  A white imp (D:5)
  An adder skeleton (D:4)
  6 dart slugs
  26 orcs
  7 ball pythons
  3 bats
  6 endoplasms
  4 giant cockroaches
  14 goblins
  7 hobgoblins
  4 jackals (D:1)
  5 quokkas
  4 frilled lizards
  A goblin skeleton (D:9)
  A goblin zombie (D:9)
  2 hobgoblin skeletons (D:9)
  2 hobgoblin zombies (D:9)
  43 kobolds
  2 orc zombies (D:9)
  8 rats
246 creatures vanquished.

Vanquished Creatures (collateral kills)
  A bullfrog zombie (D:5)
1 creature vanquished.

Vanquished Creatures (others)
  An orc warrior (D:6)
  An orc (D:8)
  A kobold (D:6)
  2 fungi (Lair:1)
  2 plants (Lair:1)
7 creatures vanquished.

Grand Total: 254 creatures vanquished

Notes
Turn   | Place    | Note
-------+----------+-------------------------------------------
     0 | D:1      | GordonOverkill the Felid Necromancer began the quest for
                  | the Orb.
     0 | D:1      | Reached XP level 1. HP: 7/7 MP: 4/4
   771 | D:1      | Reached XP level 2. HP: 10/11 MP: 4/6
  2127 | D:1      | Reached XP level 3. HP: 7/14 MP: 0/8
  2131 | D:1      | Learned a level 3 spell: Vampiric Draining
  3055 | D:2      | Found Zucrusha's Magic Scroll Emporium.
  3063 | D:2      | Bought a scroll of identify for 26 gold pieces
  3520 | D:2      | Found a runed translucent door.
  3521 | D:2      | Noticed Crazy Yiuf
  4720 | D:3      | Found a white marble altar of Elyvilon.
  5121 | D:3      | Found a faded altar of an unknown god.
  5349 | D:4      | Reached skill level 5 in Necromancy
  5349 | D:4      | Reached XP level 4. HP: 18/18 MP: 1/10
  5560 | D:4      | Learned a level 2 spell: Blink
  5742 | D:4      | Found an iron altar of Okawaru.
  5754 | D:4      | Found a broken altar of Ashenzari.
  5837 | D:4      | Noticed a necrophage
  5866 | D:4      | Killed a necrophage
  5867 | D:4      | Reached skill level 1 in Evocations
  5867 | D:4      | Reached XP level 5. HP: 16/21 MP: 11/11
  5963 | D:4      | Noticed Sigmund
  6067 | D:4      | Killed Sigmund
  6068 | D:4      | Reached skill level 3 in Evocations
  6068 | D:4      | Gained mutation: You are covered in thick fur. (AC +2)
                  | [Felid growth]
  6068 | D:4      | Reached XP level 6. HP: 24/24 MP: 11/13
  6144 | D:4      | Became a worshipper of Ashenzari the Shackled
  6493 | D:4      | Noticed Robin
  6497 | D:4      | Reached skill level 4 in Evocations
  6503 | D:4      | Killed Robin
  6693 | D:4      | Reached skill level 5 in Spellcasting
  7081 | D:5      | Entered Level 5 of the Dungeon
  7093 | D:5      | Noticed a water moccasin
  7097 | D:5      | Killed a water moccasin
  7098 | D:5      | Reached skill level 5 in Evocations
  7098 | D:5      | Reached XP level 7. HP: 27/27 MP: 15/15
  7129 | D:5      | Reached skill level 1 in Fighting
  7450 | D:5      | Reached * piety under Ashenzari
  7450 | D:5      | Reached ** piety under Ashenzari
  7775 | D:5      | Noticed Grinder
  7780 | D:5      | Killed Grinder
  7781 | D:5      | Reached XP level 8. HP: 36/36 MP: 18/20
  7930 | D:5      | Noticed Menkaure
  7931 | D:5      | Killed Menkaure
  7992 | D:5      | Found a staircase to the Ecumenical Temple.
  8063 | D:5      | Noticed a hornet
  8071 | D:5      | Killed a hornet
  8072 | D:5      | Reached skill level 6 in Evocations
  9537 | D:6      | Learned a level 5 spell: Agony
  9830 | D:6      | Noticed Maggie
 10574 | D:6      | Shot with an arrow by a centaur
 10575 | D:6      | Reached XP level 7. HP: -1/34 MP: 17/20
 10588 | D:6      | Reached XP level 8. HP: 9/38 MP: 19/21
 10894 | D:6      | Reached skill level 7 in Evocations
 11610 | D:6      | Noticed Pikel
 11700 | D:7      | Killed Pikel
 11810 | D:6      | Reached skill level 8 in Evocations
 11810 | D:6      | Reached XP level 9. HP: 41/41 MP: 23/23
 12017 | D:6      | Killed Maggie
 12954 | D:7      | Noticed Dowan
 12957 | D:7      | Noticed Duvessa
 12973 | D:7      | Killed Duvessa
 12976 | D:7      | Killed Dowan
 13656 | D:7      | Reached skill level 9 in Evocations
 14010 | D:8      | Found Faif's Antique Weapon Shoppe.
 14278 | D:8      | Noticed a troll
 15108 | D:8      | Reached skill level 10 in Evocations
 15193 | D:8      | Found a staircase to the Lair.
 15373 | D:8      | Reached XP level 10. HP: 41/45 MP: 15/24
 15402 | D:8      | Found an ancient bone altar of Kikubaaqudgha.
 15565 | D:8      | Reached skill level 5 in Fighting
 15757 | D:8      | Found a glowing golden altar of the Shining One.
 15838 | D:8      | HP: 2/46 [electric eel/bolt of electricity (6)]
 16730 | D:8      | Slain by an orc
 16731 | D:8      | Reached XP level 9. HP: -3/42 MP: 14/23
 17824 | Lair:1   | Entered Level 1 of the Lair of Beasts
 17833 | Lair:1   | Noticed Harold
 17860 | Lair:1   | Slain by a blink frog
 17861 | Lair:1   | Reached XP level 8. HP: -4/40 MP: 3/22
 17889 | Lair:1   | Noticed a komodo dragon
 17928 | Lair:1   | Killed a komodo dragon
 17929 | Lair:1   | Reached XP level 9. HP: 13/44 MP: 4/24
 17940 | Lair:1   | HP: 2/44 [blink frog (17)]
 17945 | Lair:1   | Reached skill level 1 in Unarmed Combat
 17995 | Lair:1   | HP: 2/45 [Harold/harpoon shot (10)]
 18002 | Lair:1   | Mangled by a blink frog

Illustrated notes

Levels and vault maps discovered:
D:1:      erik_arrival_triangle_small, layout_rooms, grunt_decor_arrowhead,
          minmay_quantized
D:2:      layout_loops_ring, serial_shops, nicolae_shop_stone,
          uniq_crazy_yiuf_cottage
D:3:      layout_rooms, elyvilon_altar_3, shapermc_ecumenical_altar_venn,
          amcnicky_mini_pool_small, minmay_misc_feat_roman
D:4:      layout_cave_pools, mainiacjoe_overflow_tiny_flanked,
          nicolae_overflow_hidden_temple, minmay_unequal, uniq_robin,
          uniq_sigmund
D:5:      layout_layer_cave, minmay_temple_entry_statues_pillars, uniq_menkaure,
          uniq_grinder
D:6:      minmay_goblin_kobold_castle, layout_basic, uniq_pikel, uniq_maggie
D:7:      layout_loops_corners, chequers_serial_rivers_micro_e,
          minmay_misc_feat_x, uniq_duvessa
D:8:      layout_basic, general_overflow_altar, lemuel_coloured_pillars_altar,
          erik_lair_island, serial_shops, kennysheep_mini_moat,
          kennysheep_generic_room_15
D:9:      layout_cave_pools, zombieorc1_lemuel, serial_co_window_serial,
          co_window_of_opportunity_a, co_window_paths_a, co_window_paths_a,
          co_window_of_opportunity_a, co_window_of_opportunity_a,
          co_window_unsneaky_path_e, co_window_corner_b,
          co_window_unsneaky_path_e, co_window_corner_b, glass_columns_a
Lair:1:   lemuel_reptile_caves, layout_regular_city, enter_volcano_2,
          serial_bayou_shore_a, grunt_megastairs_3, serial_bayou_shore_b,
          serial_bayou_shore_b, uniq_harold, uniq_fannar, uniq_gastronok

Skill      XL: |  1  2  3  4  5  6  7  8  9 10 |
---------------+-------------------------------+-----
Spellcasting   | 3 4 5 6 7 8 |  8.5
Necromancy     | 5 6 8 |  8.0
Translocations | 2 |  2.0
Evocations     | 1 3 5 8 10 | 10.0
Fighting       | 3 6 5 |  6.9
Dodging        | 3 |  3.0
Stealth        | 3 |  3.0
Unarmed Combat | 1 |  1.2

Action                   |  1- 3 |  4- 6 |  7- 9 | 10-12 || total
-------------------------+-------+-------+-------+-------++-------
Melee: Unarmed           |       |    27 |   128 |       ||   155
       Bite              |       |     4 |    18 |       ||    22
 Cast: Pain              |    90 |    43 |   196 |    17 ||   346
       Vampiric Draining |     2 |     4 |   154 |    13 ||   173
       Blink             |       |       |     2 |       ||     2
       Agony             |       |       |     2 |       ||     2
Invok: Curse Item        |       |       |     1 |       ||     1
Evoke: Wand              |       |     8 |    54 |       ||    62
  Use: Scroll            |     3 |     3 |       |     1 ||     7
       Potion            |       |       |     3 |     1 ||     4
 Stab: Paralysed         |       |       |    19 |       ||    19
       Sleeping          |       |       |     3 |       ||     3
Armor: Skin              |       |       |    47 |     3 ||    50
Dodge: Dodged            |    11 |    25 |   273 |     8 ||   317
Block: Other             |     1 |       |       |       ||     1

Table legend: (Time is in decaauts)
 A = Elapsed time spent in this place.
 B = Non-inter-level travel time spent in this place.
 C = Inter-level travel time spent in this place.
 D = Time resting spent in this place.
 E = Time spent auto-exploring this place.
 F = Levels seen in this place.
 G = Mean time per level.
                   A        B        C        D        E       F      G
               +--------+--------+--------+--------+--------+-----+--------+
         Total |  16560 |  16033 |    527 |   9322 |   3775 |  10 | 1656.0 |
       Dungeon |  16409 |  15882 |    527 |   9313 |   3767 |   9 | 1823.2 |
          Lair |    151 |    151 |      0 |      8 |      8 |   1 |  151.0 |
               +--------+--------+--------+--------+--------+-----+--------+

Top non-repeatable levels by time:
     D:1: 2752 daAuts
     D:8: 2573 daAuts
     D:6: 2404 daAuts
     D:5: 2382 daAuts
     D:4: 1758 daAuts
     D:7: 1734 daAuts
     D:3: 1368 daAuts
     D:2: 914 daAuts
     D:9: 520 daAuts
  Lair:1: 151 daAuts
